 Dungeon Crawl Stone Soup version 0.22.1-5-g62c59d919a (webtiles) character file.

120 Jerry the Chopper (level 4, 37/37 HPs)
             Began as a Demonspawn Chaos Knight on Jan 10, 2019.
             Quit the game on level 1 of the Dungeon.
             The game lasted 00:03:21 (2091 turns).

Jerry the Chopper (Demonspawn Chaos Knight)         Turns: 2091, Time: 00:03:21

Health: 37/37      AC:  5    Str: 14    XL:     4   Next: 75%
Magic:  4/4        EV: 11    Int: 13    God:    Xom [...*..]
Gold:   93         SH:  0    Dex: 12    Spells: 3/3 levels left

rFire    . . .     SeeInvis .   a - +0 hand axe (chaos)
rCold    . . .     Gourm    .   (no shield)
rNeg     . . .     Faith    .   b - +2 leather armour
rPois    .         Spirit   .   (no helmet)
rElec    .         Reflect  .   (no cloak)
rCorr    .         Harm     .   (no gloves)
MR       .....                  (no boots)
Stlth    +.........             (no amulet)
HPRegen  0.12/turn              (no ring)
MPRegen  0.09/turn              (no ring)

@: no status effects
A: claws 2, talons 1
a: Renounce Religion


You were on level 1 of the Dungeon.
You worshipped Xom.
You were a favourite toy of Xom.
You were not hungry.

You visited 1 branch of the dungeon, and saw 2 of its levels.

You collected 93 gold pieces.

Inventory:

Hand Weapons
 a - a +0 hand axe of chaos (weapon)
 o - a +3 short sword of chaos
Armour
 b - a +2 leather armour (worn)
Scrolls
 d - 4 scrolls of identify {unknown}
 e - a scroll of magic mapping {unknown}
 f - 2 scrolls of remove curse {unknown}
 i - a scroll of teleportation {unknown}
 j - a scroll of fear {unknown}
 l - a scroll of amnesia {unknown}
 n - a scroll of blinking {unknown}
Potions
 g - 2 potions of heal wounds {unknown}
 h - a potion of berserk rage {unknown}
 k - a potion of brilliance {unknown}
Comestibles
 c - 5 rations


   Skills:
 + Level 3.7 Fighting
 * Level 4.1 Axes
 + Level 2.7 Armour
 - Level 0.8 Dodging


You had 3 spell levels left.
You didn't know any spells.
Your spell library was empty.

Dungeon Overview and Level Annotations

Branches:
Dungeon (2/15)

Altars:
Nemelex Xobeh
Xom


Innate Abilities, Weirdness & Mutations

You have very sharp fingernails.
You have sharp toenails.


Message History

The gnoll closely misses you.
You hit the gnoll. You burn the gnoll. You claw the gnoll, but do no damage.
The gnoll is moderately wounded.
The gnoll closely misses you.
The gnoll hits you from afar with a halberd!
You are too injured to fight recklessly!
You are too injured to fight recklessly!
The gnoll hits you from afar with a halberd.
You see here a club.
There is a stone staircase leading up here.
The gnoll hits you from afar with a halberd.
You climb upwards.
There is a stone staircase leading down here.
You start resting.
Eating a chunk of flesh.
You eat the chunk of flesh.
This raw flesh tastes terrible.
HP restored.
Quiver which item? (- for none, * to show all) (? for menu, Esc to quit)
Okay, then.
Are you sure you want to abandon this character and quit the game? (Confirm

.# #........# .#
#........# .#
#........# ##
###........#
#..........#
#....###...# #....#
##..# #....#
#..#############
#....#
#.@............#
#....#
##############.####
###### #..........
#.####.####
#.#..#.....
#.#.)....#.
#.#...####.
#..........
#####......


There were no monsters in sight!

Vanquished Creatures
  A worker ant (D:2)
  Robin (D:2)
  An adder (D:2)
  2 leopard geckos
  2 bats
  A giant cockroach (D:1)
  12 goblins
  7 hobgoblins
  5 jackals (D:1)
  6 frilled lizards
  5 kobolds
  A rat (D:2)
44 creatures vanquished.

Vanquished Creatures (collateral kills)
  4 gnolls (D:2)
  A bat (D:2)
  A hobgoblin (D:2)
  2 kobolds (D:2)
  A rat (D:2)
9 creatures vanquished.

Grand Total: 53 creatures vanquished

Notes
Turn   | Place    | Note
-------+----------+-------------------------------------------
     0 | D:1      | Jerry the Demonspawn Chaos Knight began the quest for the
                  | Orb.
     0 | D:1      | Reached XP level 1. HP: 18/18 MP: 1/1
    12 | D:1      | XOM: harmless Tloc miscast
    20 | D:1      | Reached skill level 3 in Axes
    21 | D:1      | Gained mutation: You have sharp fingernails. [demonic
                  | ancestry]
    21 | D:1      | Reached XP level 2. HP: 12/24 MP: 2/2
   431 | D:1      | XOM: scenery: 1 doors open
   665 | D:1      | Gained mutation: You have very sharp fingernails. [demonic
                  | ancestry]
   665 | D:1      | Reached XP level 3. HP: 26/29 MP: 3/3
   929 | D:2      | Noticed Robin
   942 | D:2      | Killed Robin
   970 | D:2      | Gained mutation: You have sharp toenails. [demonic
                  | ancestry]
   970 | D:2      | Reached XP level 4. HP: 20/35 MP: 4/4
  1139 | D:2      | XOM: scenery: create altars
  1510 | D:2      | Reached skill level 4 in Axes
  1792 | D:2      | Found a sparkling altar of Nemelex Xobeh.
  1854 | D:2      | XOM: god gift: glowing short sword {god gift}
  2091 | D:1      | Quit the game

Skill      XL: |  1  2  3  4 |
---------------+-------------+-----
Axes           | 3 4 |  4.1
Armour         | 2 |  2.7
Fighting       | |  3.7
Dodging        | |  0.8

Action                   |  1- 3 |  4- 6 || total
-------------------------+-------+-------++-------
Melee: Hand axe          |    83 |    42 ||   125
       Kick              |       |     7 ||     7
 Stab: Paralysed         |     4 |       ||     4
       Sleeping          |       |     1 ||     1
  Eat: Chunk             |       |     4 ||     4
Armor: Leather armour    |    33 |     9 ||    42
Dodge: Dodged            |    57 |    23 ||    80
